 Dungeon Crawl Stone Soup version 0.20.1-1-g8b1a95d (webtiles) character file.

172 equalderp2856 the Chopper (level 5, -1/47 HPs)
             Began as a Minotaur Fighter on Aug 6, 2017.
             Succumbed to an orc wizard's poison
             ... on level 4 of the Dungeon.
             The game lasted 00:05:34 (2638 turns).

equalderp2856 the Chopper (Minotaur Fighter)        Turns: 2638, Time: 00:05:35

Health: -1/47      AC:  2    Str: 21    XL:     5   Next: 27%
Magic:  4/4        EV:  9    Int:  5    God:
Gold:   152        SH:  9    Dex: 10    Spells: 4/4 levels left

rFire    . . .     SeeInvis .   a - +0 war axe
rCold    + . .     Gourm    .   c - +0 shield
rNeg     . . .     Faith    .   I - +0 robe (curse)
rPois    .         Spirit   .   (helmet restricted)
rElec    .         Reflect  .   (no cloak)
rCorr    .         Harm     .   (no gloves)
MR       .....     Clarity  +   (no boots)
Stlth    +.........             (no amulet)
Regen    0.2/turn               (no ring)
MPRegen  0.1/turn               (no ring)

@: lethally poisoned (-1 -> -17)
A: retaliatory headbutt, horns 2, blurry vision 1, clarity, cold resistance 1
a: no special abilities


You were on level 4 of the Dungeon.
You were near starving.

You visited 1 branch of the dungeon, and saw 4 of its levels.

You collected 152 gold pieces.

Inventory:

Hand Weapons
 a - a +0 war axe (weapon)
 j - a +0 club
 w - a +0 hunting sling
Missiles
 k - 57 sling bullets
 p - 54 arrows
 q - 8 tomahawks (quivered)
 r - 132 stones
 x - 22 bolts
 J - 5 javelins
Armour
 b - a +0 scale mail
 c - a +0 shield (worn)
 C - a +0 plate armour
 H - the +1 robe "Hiruilas" {Str+2}
   (You found it on level 4 of the Dungeon)

   It affects your strength (+2).
 I - a cursed +0 robe (worn)
Jewellery
 i - an uncursed ring of protection from fire {unknown}
 E - an uncursed ring of resist corrosion {unknown}
 F - a cursed ring of loudness {unknown}
Scrolls
 e - 4 scrolls of enchant weapon {unknown}
 l - 2 scrolls of teleportation {unknown}
 m - a scroll of recharging {unknown}
 s - a scroll of amnesia {unknown}
 t - 3 scrolls of remove curse {unknown}
 v - 2 scrolls of identify {unknown}
 y - a scroll of noise {unknown}
 A - a scroll of fog {unknown}
Potions
 d - a potion of might
 g - a potion of heal wounds {unknown}
 h - 2 potions of curing {unknown}
 n - 2 potions of mutation
 o - a potion of lignification {unknown}
 D - a potion of magic {unknown}
 G - a potion of cancellation {unknown}
Comestibles
 f - 3 bread rations
 u - 2 fruits
 z - a meat ration
 B - a royal jelly


   Skills:
 + Level 4.4 Fighting
 + Level 4.7 Axes
 + Level 4.3 Armour
 + Level 0.2 Dodging
 + Level 0.3 Stealth
 + Level 4.6 Shields


You had 4 spell levels left.
You didn't know any spells.

Dungeon Overview and Level Annotations

Branches:
Dungeon (4/15)
 Temple: D:4-7

Altars:
Makhleb
Ru


Innate Abilities, Weirdness & Mutations

You reflexively headbutt those who attack you in melee.
You have a pair of horns on your head.
Scrolls take you a little longer to read.
You possess an exceptional clarity of mind.
Your flesh is cold resistant. (rC+)


Message History

You feel sick. You block the orc wizard's attack.
The orc wizard hits you with a dagger of venom.
You feel sick.
The orc wizard gestures at you while chanting.
The puff of flame hits you!
* * * LOW HITPOINT WARNING * * *
The orc wizard hits you with a dagger of venom.
* * * LOW HITPOINT WARNING * * *
You are lethally poisoned!
* * * LOW HITPOINT WARNING * * *
You feel sick. The orc wizard closely misses you.
A scorpion comes into view.
* * * LOW HITPOINT WARNING * * *
You feel sick.
The orc wizard casts a spell.
The orc wizard seems to speed up.
The orc wizard hits you with a dagger of venom.
* * * LOW HITPOINT WARNING * * *
You are more poisoned.
You die...

.#.# ### ## ... .#.#
.. . ..# .#.# .# .
... ...# ##.##.# #.#
.#.####...#.# # ##o##
........#...#
#.##)..####..
...####...#
#.).....s.... ...#
##.#########...#####.
...# ##.#......@oo.##
...# #..(.##########
#### #....# # #....#
. ##.#.# #.#.# #.#.#
#.#.# #.#.#


You could see a scorpion and 2 orc wizards.

Vanquished Creatures
  A killer bee zombie (D:4)
  7 adders
  3 oozes
  An adder skeleton (D:4)
  A worm (D:3)
  3 dart slugs
  6 orcs
  3 bats
  4 giant cockroaches
  6 goblins
  9 hobgoblins
  2 quokkas
  6 frilled lizards
  5 kobolds
  3 rats
60 creatures vanquished.

Notes
Turn   | Place    | Note
-------+----------+-------------------------------------------
     0 | D:1      | equalderp2856 the Minotaur Fighter began the quest for the Orb.
     0 | D:1      | Reached XP level 1. HP: 19/19 MP: 0/0
   114 | D:1      | Reached XP level 2. HP: 27/27 MP: 1/1
   635 | D:2      | Reached XP level 3. HP: 33/33 MP: 2/2
   649 | D:2      | Found a sacrificial altar of Ru.
   860 | D:2      | Reached XP level 4. HP: 29/40 MP: 3/3
  1090 | D:2      | Found a burning altar of Makhleb.
  2451 | D:4      | Reached XP level 5. HP: 44/47 MP: 4/4
  2465 | D:4      | Got a heavy robe
  2478 | D:4      | Identified the +1 robe "Hiruilas" {Str+2} (You found it on level 4 of the Dungeon)
  2629 | D:4      | Gained mutation: Your flesh is cold resistant. (rC+) [potion of mutation]
  2629 | D:4      | Gained mutation: Scrolls take you a little longer to read. [potion of mutation]
  2629 | D:4      | Gained mutation: You possess an exceptional clarity of mind. [potion of mutation]
  2637 | D:4      | HP: 1/47 [orc wizard/dagger of venom (3)]
  2638 | D:4      | Succumbed to an orc wizard's poison

Skill      XL: |  1  2  3  4 |
---------------+-------------+-----
Fighting       | 4 |  4.4
Shields        | 4 |  4.6
Axes           | 3 4 |  4.7
Armour         | 4 |  4.3
Dodging        | |  0.2
Stealth        | |  0.3

Action                   |  1- 3 |  4- 6 || total
-------------------------+-------+-------++-------
Melee: War axe           |    73 |    82 ||   155
       Headbutt          |    11 |     8 ||    19
  Use: Potion            |       |     1 ||     1
 Stab: Paralysed         |     1 |       ||     1
  Eat: Chunk             |       |     4 ||     4
Armor: Scale mail        |    25 |    15 ||    40
       Plate armour      |       |    33 ||    33
       Robe              |       |     5 ||     5
Dodge: Dodged            |    22 |    18 ||    40
Block: Shield            |    32 |    50 ||    82
